BSA
NEW YORK KNIGHTS @ BEECH MOUNTAIN MOUNTAINEERS
03/09/2028
 
TOP OF THE 1ST
New York Knights batting - Pitching for Beech Mountain Mountaineers : RHP Tim Hill
Pitching: RHP Tim Hill
Batting: RHB Gabriel Erwin 0-0: SINGLE (Line Drive, 7LM)
Batting: RHB Pepe Carrasco 0-0: Ball
1-0: Ball
2-0: Called Strike
2-1: Called Strike
2-2: Ball
3-2: Strikes out swinging
Batting: LHB Warren Potter 0-0: Ball
Gabriel Erwin steals 2nd base
1-0: Ball
Gabriel Erwin steals 3rd base
2-0: Called Strike
2-1: Ball
3-1: Base on Balls
Batting: SHB Marvin Harris 0-0: Called Strike
0-1: Ball
1-1: Fly out, F7 (Flyball, 7LMF)
Runner from 3rd tags up, SCORES, no throw
Batting: RHB Lonnie Anderson 0-0: Ball
1-0: Fly out, F8 (Flyball, 8RXD)
Top of the 1st over - 1 run(s), 1 hit(s), 0 error(s), 1 left on base; New York 1 - Beech Mountain 0
BOTTOM OF THE 1ST
Beech Mountain Mountaineers batting - Pitching for New York Knights : LHP Steven England
Pitching: LHP Steven England
Batting: SHB Félix Montoya 0-0: Ball
1-0: Ball
2-0: Called Strike
2-1: Ball
3-1: Called Strike
3-2: Foul Ball, location: 2F
3-2: SINGLE (Line Drive, 78S)
Batting: LHB Tommy Payne 0-0: Ball
Félix Montoya steals 2nd base
1-0: Ground out 4-3 (Groundball, 4)
Félix Montoya to third
Batting: LHB Chris Bates 0-0: Foul Ball, location: 2F
0-1: Ball
1-1: Fly out, F9 (Flyball, 9S)
Batting: RHB Jesús Cruz 0-0: Fly out, F6 (Flyball, 6D)
Bottom of the 1st over - 0 run(s), 1 hit(s), 0 error(s), 1 left on base; New York 1 - Beech Mountain 0
TOP OF THE 2ND
New York Knights batting - Pitching for Beech Mountain Mountaineers : RHP Tim Hill
Batting: LHB Marcos Pérez 0-0: SINGLE (Line Drive, 34)
Batting: RHB Tokuhei Kobayashi 0-0: Ball
1-0: Ball
2-0: Ball
3-0: Base on Balls
Marcos Pérez to second
Batting: RHB Jacob Pope 0-0: DOUBLE (Flyball, 78XD)
Marcos Pérez scores
Tokuhei Kobayashi to third
Batting: RHB Anastasio García 0-0: Ball
1-0: Ball
2-0: Called Strike
2-1: Ball
3-1: SINGLE (Line Drive, 6MD)
Tokuhei Kobayashi scores
Jacob Pope to third
Batting: RHB Gabriel Erwin 0-0: Ground out 5-3 (Groundball, 56S)
Jacob Pope scores
Anastasio García to second
Batting: RHB Pepe Carrasco 0-0: Called Strike
0-1: Ball
1-1: Swinging Strike
1-2: Foul Ball, location: 2F
1-2: Ball
2-2: Ball
3-2: Strikes out swinging
Batting: LHB Warren Potter 0-0: Foul Ball, location: 2F
0-1: Swinging Strike
0-2: Ball
1-2: Ground out 6-3 (Groundball, 6D)
Top of the 2nd over - 3 run(s), 3 hit(s), 0 error(s), 1 left on base; New York 4 - Beech Mountain 0
BOTTOM OF THE 2ND
Beech Mountain Mountaineers batting - Pitching for New York Knights : LHP Steven England
Batting: SHB Juan Castro 0-0: Ball
1-0: Ball
2-0: Ball
3-0: Called Strike
3-1: Base on Balls
Batting: SHB Tony López 0-0: Called Strike
0-1: Ball
1-1: SINGLE (Flyball, 8LS)
Juan Castro to second
Batting: SHB Miguel González 0-0: Fly out, F8 (Flyball, 8RD)
Runner from 2nd tags up, SAFE at 3rd, no throw
Batting: LHB Lorenzo Quintanilla 0-0: Ball
1-0: Swinging Strike
1-1: Grounds into double play, 4-6-3 (Groundball, 4)
Bottom of the 2nd over - 0 run(s), 1 hit(s), 0 error(s), 1 left on base; New York 4 - Beech Mountain 0
TOP OF THE 3RD
New York Knights batting - Pitching for Beech Mountain Mountaineers : RHP Tim Hill
Batting: SHB Marvin Harris 0-0: Fly out, F7 (Line Drive, 7)
Batting: RHB Lonnie Anderson 0-0: Ball
1-0: Called Strike
1-1: Foul Ball, location: 2F
1-2: DOUBLE (Flyball, 78XD)
Batting: LHB Marcos Pérez 0-0: Called Strike
0-1: Ball
1-1: Called Strike
1-2: Fly out, F8 (Flyball, 89D)
Runner from 2nd tags up, SAFE at 3rd, no throw
Batting: RHB Tokuhei Kobayashi 0-0: Foul Ball, location: 2F
0-1: Ball
1-1: SINGLE (Groundball, 6MD)
Lonnie Anderson scores
Batting: RHB Jacob Pope 0-0: Ball
1-0: Fielders Choice at 2nd, U6 (Groundball, 6M)
Top of the 3rd over - 1 run(s), 2 hit(s), 0 error(s), 1 left on base; New York 5 - Beech Mountain 0
BOTTOM OF THE 3RD
Beech Mountain Mountaineers batting - Pitching for New York Knights : LHP Steven England
Batting: RHB Felipe Jareño 0-0: Foul Ball, location: 2F
0-1: Ball
1-1: Fly out, F8 (Flyball, 8RS)
Batting: SHB Félix Montoya 0-0: Foul Ball, location: 2F
0-1: Called Strike
0-2: Ball
1-2: Strikes out swinging
Batting: LHB Tommy Payne 0-0: Foul Ball, location: 2F
0-1: Foul Ball, location: 2F
0-2: Foul Ball, location: 2F
0-2: Strikes out swinging
Bottom of the 3rd over - 0 run(s), 0 hit(s), 0 error(s), 0 left on base; New York 5 - Beech Mountain 0
TOP OF THE 4TH
New York Knights batting - Pitching for Beech Mountain Mountaineers : RHP Tim Hill
Batting: RHB Anastasio García 0-0: Swinging Strike
0-1: Foul Ball, location: 2F
0-2: Strikes out swinging
Batting: RHB Gabriel Erwin 0-0: Called Strike
0-1: Ball
1-1: Ground out 6-3 (Groundball, 6M)
Batting: RHB Pepe Carrasco 0-0: Foul Ball, location: 2F
0-1: Ball
1-1: Swinging Strike
1-2: Ball
2-2: Fly out, F4 (Line Drive, 4)
Top of the 4th over - 0 run(s), 0 hit(s), 0 error(s), 0 left on base; New York 5 - Beech Mountain 0
BOTTOM OF THE 4TH
Beech Mountain Mountaineers batting - Pitching for New York Knights : LHP Steven England
Batting: LHB Chris Bates 0-0: Ball
1-0: Ball
2-0: Ball
3-0: Called Strike
3-1: Base on Balls
Batting: RHB Jesús Cruz 0-0: Ball
1-0: SINGLE (Groundball, 6MD)
Chris Bates to second
Runner from 2nd tries for 3rd, SAFE, throw made to third
Batting: SHB Juan Castro 0-0: Called Strike
Jesús Cruz steals 2nd base
0-1: Swinging Strike
0-2: Ball
1-2: Ball
2-2: SINGLE (Groundball, 6D)
Chris Bates scores
Jesús Cruz to third
Batting: SHB Tony López 0-0: Foul Ball, location: 2F
0-1: Ball
1-1: Ball
2-1: Grounds into double play, 4-6-3 (Groundball, 4)
Jesús Cruz scores
Batting: SHB Miguel González 0-0: Foul Ball, location: 2F
0-1: Ball
1-1: Ground out 1-3 (Groundball, 13)
Bottom of the 4th over - 2 run(s), 2 hit(s), 0 error(s), 0 left on base; New York 5 - Beech Mountain 2
TOP OF THE 5TH
New York Knights batting - Pitching for Beech Mountain Mountaineers : RHP Tim Hill
Pitching: RHP Lee Hecker
Batting: LHB Warren Potter 0-0: Ball
1-0: Ball
2-0: Ground out U3 (Groundball, 3)
Batting: SHB Marvin Harris 0-0: Ball
1-0: Foul Ball, location: 2F
1-1: Swinging Strike
1-2: Ball
2-2: Strikes out swinging
Batting: RHB Lonnie Anderson 0-0: Ball
1-0: SINGLE (Line Drive, 6)
Batting: LHB Marcos Pérez 0-0: Ball
1-0: Swinging Strike
1-1: Ball
2-1: Swinging Strike
2-2: Foul Ball, location: 2F
2-2: Ball
Lonnie Anderson steals 2nd base
3-2: Strikes out looking
Top of the 5th over - 0 run(s), 1 hit(s), 0 error(s), 1 left on base; New York 5 - Beech Mountain 2
BOTTOM OF THE 5TH
Beech Mountain Mountaineers batting - Pitching for New York Knights : LHP Steven England
Pitching: RHP Bill Peterson
Batting: LHB Lorenzo Quintanilla 0-0: Ball
1-0: Ball
2-0: Ball
3-0: Base on Balls
Batting: RHB Felipe Jareño 0-0: Ball
1-0: Grounds into double play, 6-4-3 (Groundball, 6)
Batting: SHB Félix Montoya 0-0: Hit by Pitch
Batting: LHB Tommy Payne 0-0: Called Strike
0-1: Ball
Félix Montoya steals 2nd base
1-1: Ground out 4-3 (Groundball, 34D)
Bottom of the 5th over - 0 run(s), 0 hit(s), 0 error(s), 1 left on base; New York 5 - Beech Mountain 2
TOP OF THE 6TH
New York Knights batting - Pitching for Beech Mountain Mountaineers : RHP Lee Hecker
Batting: RHB Tokuhei Kobayashi 0-0: Ball
1-0: Foul Ball, location: 2F
1-1: Foul Ball, location: 2F
1-2: Ball
2-2: Foul Ball, location: 2F
2-2: Ground out 5-3 (Groundball, 56S)
Batting: RHB Jacob Pope 0-0: Ball
1-0: Ball
2-0: Called Strike
2-1: Foul Ball, location: 2F
2-2: Foul Ball, location: 2F
2-2: Strikes out swinging
Batting: RHB Anastasio García 0-0: Foul Ball, location: 2F
0-1: Ball
1-1: Swinging Strike
1-2: SINGLE (Line Drive, 56)
Pinch Hitting: RHB Cheng-ho Qiao 0-0: Foul Ball, location: 2F
0-1: Ball
1-1: Ball
2-1: Ball
3-1: Called Strike
3-2: SINGLE (Line Drive, 7S)
Anastasio García to second
Anastasio García to third
Pinch Hitting: LHB Nicholas Alston 0-0: Swinging Strike
0-1: Ball
1-1: Foul Ball, location: 2F
1-2: Strikes out looking
Top of the 6th over - 0 run(s), 2 hit(s), 0 error(s), 2 left on base; New York 5 - Beech Mountain 2
BOTTOM OF THE 6TH
Beech Mountain Mountaineers batting - Pitching for New York Knights : RHP Bill Peterson
Now at SS: David Strickland
Now in CF: Nicholas Alston
Batting: LHB Chris Bates 0-0: Called Strike
0-1: Ball
1-1: Ball
2-1: Foul Ball, location: 2F
2-2: Ball
3-2: Foul Ball, location: 2F
3-2: Base on Balls
Batting: RHB Jesús Cruz 0-0: Ball
1-0: Swinging Strike
1-1: Ball
2-1: Foul Ball, location: 2F
2-2: Ball
3-2: Strikes out looking
Batting: SHB Juan Castro 0-0: Ball
1-0: Called Strike
1-1: Ball
2-1: Swinging Strike
2-2: Foul Ball, location: 2F
2-2: Foul Ball, location: 2F
2-2: Ball
3-2: Ground out 4-3 (Groundball, 34D)
Chris Bates to second
Batting: SHB Tony López 0-0: Fly out, F8 (Line Drive, 8LM)
Bottom of the 6th over - 0 run(s), 0 hit(s), 0 error(s), 1 left on base; New York 5 - Beech Mountain 2
TOP OF THE 7TH
New York Knights batting - Pitching for Beech Mountain Mountaineers : RHP Lee Hecker
Pinch Hitting: LHB Dan Hamilton 0-0: Swinging Strike
0-1: Foul Ball, location: 2F
0-2: Ball
1-2: Strikes out swinging
Pinch Hitting: LHB Arthur Hall 0-0: Ball
1-0: Ball
2-0: Foul Ball, location: 2F
2-1: Ball
3-1: Foul Ball, location: 2F
3-2: Foul Ball, location: 2F
3-2: Base on Balls
Pinch Hitting: RHB Steve Sampson 0-0: Ball
Arthur Hall is caught stealing 2nd base
1-0: Called Strike
1-1: Called Strike
1-2: Strikes out swinging
Top of the 7th over - 0 run(s), 0 hit(s), 0 error(s), 0 left on base; New York 5 - Beech Mountain 2
BOTTOM OF THE 7TH
Beech Mountain Mountaineers batting - Pitching for New York Knights : RHP Bill Peterson
Now at 1B: Steve Sampson
Now at 2B: Dan Hamilton
Now in CF: Arthur Hall
Batting: SHB Miguel González 0-0: Ball
1-0: Ball
2-0: Ball
3-0: Base on Balls
Batting: LHB Lorenzo Quintanilla 0-0: Called Strike
0-1: Foul Ball, location: 2F
0-2: Ball
1-2: Foul Ball, location: 2F
1-2: Fielders Choice at 2nd, 3-6 (Groundball, 34)
Batting: RHB Felipe Jareño 0-0: Called Strike
0-1: Ball
1-1: Foul Ball, location: 2F
1-2: Strikes out swinging
Pinch Hitting: RHB John Anderson 0-0: Ball
Passed Ball!
Lorenzo Quintanilla to second
1-0: Ball
2-0: Ball
3-0: Base on Balls
Pinch Hitting: SHB Rick Turner 0-0: Ball
1-0: Ball
2-0: Called Strike
2-1: Swinging Strike
2-2: Foul Ball, location: 2F
2-2: Ball
3-2: Strikes out swinging
Bottom of the 7th over - 0 run(s), 0 hit(s), 0 error(s), 2 left on base; New York 5 - Beech Mountain 2
TOP OF THE 8TH
New York Knights batting - Pitching for Beech Mountain Mountaineers : RHP Lee Hecker
Now at SS: José Estreito
Now in RF: António Zúñiga
Batting: LHB Frank Young 0-0: Ball
1-0: Ground out 3-1 (Groundball, 34S)
Pinch Hitting: LHB Keith Green 0-0: Ball
1-0: SINGLE (Line Drive, 89S)
Pinch Hitting: LHB Patrick Bright 0-0: Ball
1-0: Foul Ball, location: 2F
1-1: Ball
2-1: Foul Ball, location: 2F
2-2: Ball
3-2: Strikes out swinging
Batting: RHB Anastasio García 0-0: Ball
1-0: Swinging Strike
1-1: Ball
2-1: Foul Ball, location: 2F
2-2: Foul Ball, location: 2F
2-2: Ball
3-2: Base on Balls
Keith Green to second
Batting: RHB David Strickland 0-0: Foul Ball, location: 2F
0-1: Ball
1-1: Ball
2-1: Ball
3-1: Ground out 5-3 (Groundball, 56S)
Top of the 8th over - 0 run(s), 1 hit(s), 0 error(s), 2 left on base; New York 5 - Beech Mountain 2
BOTTOM OF THE 8TH
Beech Mountain Mountaineers batting - Pitching for New York Knights : RHP Bill Peterson
Pitching: RHP Nathan Seymour
Now at 3B: Jesús Cuevas
Now in LF: Keith Green
Pinch Hitting: LHB Pedro Gonzáles 0-0: Foul Ball, location: 2F
0-1: SINGLE (Flyball, 89S)
Pinch Hitting: RHB Bernardo Corona 0-0: Foul Ball, location: 2F
0-1: Swinging Strike
0-2: Ball
1-2: Strikes out looking
Pinch Hitting: LHB Milo Glenn 0-0: SINGLE (Groundball, 34D)
Pedro Gonzáles to second
Runner from 2nd tries for 3rd, SAFE, throw made to third
Pinch Hitting: LHB Miguel García 0-0: Ball
1-0: Called Strike
1-1: Ball
2-1: Called Strike
2-2: Ball
3-2: SINGLE (Groundball, 15) (infield hit)
Milo Glenn to second
Batting: SHB Miguel González 0-0: Swinging Strike
0-1: Ball
1-1: Ball
2-1: Ball
3-1: SINGLE (Flyball, 6MD)
Pedro Gonzáles scores
Milo Glenn to third
Miguel García to second
Batting: RHB Edgardo Carrasco 0-0: Ball
1-0: Fly out, F8 (Flyball, 8LS)
Runner from 3rd tags up, SCORES, throw made
Pitching: RHP Will Jackson
Batting: RHB Felipe Jareño 0-0: Foul Ball, location: 2F
0-1: Swinging Strike
0-2: Ball
1-2: Ball
2-2: SINGLE (Line Drive, 6D)
Miguel García to third
Miguel González to second
Runner from 3rd tries for Home, SAFE, no throw
Batting: SHB José Estreito 0-0: Called Strike
0-1: Foul Ball, location: 2F
0-2: Strikes out swinging
Bottom of the 8th over - 3 run(s), 5 hit(s), 0 error(s), 2 left on base; New York 5 - Beech Mountain 5
TOP OF THE 9TH
New York Knights batting - Pitching for Beech Mountain Mountaineers : RHP Lee Hecker
Pitching: RHP Jimmy Banks
Now at 2B: Miguel García
Now at SS: Bernardo Corona
Now in LF: Pedro Gonzáles
Now in CF: Milo Glenn
Batting: LHB Nicholas Alston 0-0: Ball
1-0: Ball
2-0: Ball
3-0: Called Strike
3-1: SINGLE (Groundball, 4MD)
Batting: LHB Dan Hamilton 0-0: Ball
1-0: Ball
2-0: Called Strike
2-1: SINGLE (Groundball, 4D)
Nicholas Alston to second
Runner from 2nd tries for 3rd, SAFE, throw made to third
Batting: LHB Arthur Hall 0-0: Ball
Dan Hamilton steals 2nd base
1-0: Foul Ball, location: 2F
1-1: SINGLE (Groundball, 13S) (infield hit)
Batting: RHB Steve Sampson 0-0: Foul Ball, location: 2F
0-1: Ball
1-1: Fly out, F9 (Flyball, 9LMF)
Runner from 3rd tags up, SCORES, no throw
Batting: LHB Frank Young 0-0: Fielders Choice at 2nd, 6-4 (Groundball, 56)
Dan Hamilton to third
Batting: LHB Keith Green 0-0: Called Strike
0-1: Called Strike
0-2: Ball
1-2: Ball
2-2: Foul Ball, location: 2F
2-2: Foul Ball, location: 2F
2-2: Strikes out swinging
Top of the 9th over - 1 run(s), 3 hit(s), 0 error(s), 2 left on base; New York 6 - Beech Mountain 5
BOTTOM OF THE 9TH
Beech Mountain Mountaineers batting - Pitching for New York Knights : RHP Will Jackson
Pitching: LHP Juan Ortíz
Batting: RHB António Zúñiga 0-0: Ball
1-0: Ground out 4-3 (Groundball, 4)
Batting: LHB Pedro Gonzáles 0-0: Foul Ball, location: 2F
0-1: Ball
1-1: Swinging Strike
1-2: Ball
2-2: Ball
3-2: Ground out 5-3 (Groundball, 56S)
Batting: RHB Bernardo Corona 0-0: Ground out 4-3 (Groundball, 4)
Bottom of the 9th over - 0 run(s), 0 hit(s), 0 error(s), 0 left on base; New York 6 - Beech Mountain 5
Tuesday, August 8th, 2017 - OOTP Baseball 17.12 Build 75